 Dungeon Crawl Stone Soup version 0.23-a0-703-gdf2d5e0dd9 (webtiles) character file.

38 Hercules1031 the Digger (level 3, -2/28 HPs)
             Began as a Gnoll Wanderer on Jan 12, 2019.
             Slain by Terence
             ... wielding a +0 short sword
              (3 damage)
             ... on level 2 of the Dungeon.
             The game lasted 00:02:08 (780 turns).

Hercules1031 the Digger (Gnoll Wanderer)             Turns: 780, Time: 00:02:09

Health: -2/28      AC:  2    Str: 16    XL:     3   Next: 43%
Magic:  7/7        EV: 11    Int: 13    God:
Gold:   45         SH:  0    Dex: 14    Spells: 7/7 levels left

rFire    . . .     SeeInvis .   a - +2 mace
rCold    . . .     Gourm    .   (no shield)
rNeg     . . .     Faith    .   d - +0 robe
rPois    .         Spirit   .   (no helmet)
rElec    .         Reflect  .   (no cloak)
rCorr    +         Harm     .   (no gloves)
MR       .....                  (no boots)
Stlth    ++........             (no amulet)
HPRegen  0.09/turn              l - ring of resist corrosion
MPRegen  0.10/turn              (no ring)

@: lethally poisoned (-2 -> -4)
A: distributed training, fangs 1, strong nose
a: no special abilities


You were on level 2 of the Dungeon.
You were not hungry.

You visited 1 branch of the dungeon, and saw 2 of its levels.

You collected 45 gold pieces.

Inventory:

Hand Weapons
 a - a +2 mace (weapon)
Armour
 d - a +0 robe (worn)
Jewellery
 l - a ring of resist corrosion (left hand)
Scrolls
 e - a scroll of enchant weapon {unknown}
 j - 2 scrolls of identify {unknown}
 k - a scroll of fear {unknown}
Potions
 b - a potion of curing {unknown}
 c - a potion of lignification
 g - 2 potions of ambrosia {unknown}
 h - a potion of might {unknown}
 i - a potion of brilliance {unknown}
Comestibles
 f - 2 rations


   Skills:
 + Level 2.6 Fighting
 + Level 0.7 Short Blades
 + Level 0.7 Long Blades
 + Level 0.7 Axes
 + Level 2.6 Maces & Flails
 + Level 0.7 Polearms
 + Level 0.7 Staves
 + Level 0.7 Slings
 + Level 0.7 Bows
 + Level 0.7 Crossbows
 + Level 0.7 Throwing
 + Level 2.6 Armour
 + Level 0.7 Dodging
 + Level 2.3 Stealth
 + Level 2.6 Shields
 + Level 0.7 Unarmed Combat
 + Level 2.8 Spellcasting
 + Level 0.5 Conjurations
 + Level 0.5 Hexes
 + Level 0.5 Charms
 + Level 0.5 Summonings
 + Level 0.5 Necromancy
 + Level 0.5 Translocations
 + Level 0.5 Transmutations
 + Level 3.7 Fire Magic
 + Level 0.5 Ice Magic
 + Level 0.5 Air Magic
 + Level 3.7 Earth Magic
 + Level 0.5 Poison Magic
 + Level 0.9 Invocations
 + Level 0.7 Evocations


You had 7 spell levels left.
You didn't know any spells.
Your spell library contained the following spells:

 Spells                   Type           Power        Failure   Level  Hunger
 Shroud of Golubria       Chrm/Tloc      #.........   28%         2    ###....
 Song of Slaying          Chrm           #.......     28%         2    ###....


Dungeon Overview and Level Annotations

Branches:
Dungeon (2/15)

Altars:

Annotations:
D:2 Terence


Innate Abilities, Weirdness & Mutations

Your experience applies equally to all skills.
You have very sharp teeth.
Your uncanny sense of smell can sniff out nearby items.


Message History

You feel sick.
You feel sick.
You see here an adder corpse.
You feel sick.
You feel sick.
You feel sick.
You feel sick.
Found a stone staircase leading up.
Terence the Incautious comes into view.
He is wielding a +0 short sword.
You feel sick.
Terence is nearby!
The helpless Terence fails to defend himself.
You hit Terence but do no damage.
You feel sick. Terence hits you but does no damage.
You hit Terence but do no damage. Terence hits you with a +0 short sword.
* * * LOW HITPOINT WARNING * * *
You hit Terence. You bite Terence, but do no damage.
Terence is lightly wounded.
Terence hits you but does no damage. Terence hits you with a +0 short sword.
You die...

∆ ∆ #####.# ∆
#.@@..#
#.#########
#.........<
#..######## #..#
#..#########
#.####..........#
#.........#####.#
######.†..# ∆


You could see Terence.

Vanquished Creatures
  An adder (D:2)
  2 dart slugs (D:1)
  A leopard gecko (D:1)
  4 bats (D:1)
  4 hobgoblins (D:1)
  3 kobolds (D:1)
  A ball python (D:1)
  A frilled lizard (D:1)
  3 goblins (D:1)
  2 rats (D:1)
22 creatures vanquished.

Notes
Turn   | Place    | Note
-------+----------+-------------------------------------------
     0 | D:1      | Hercules1031 the Gnoll Wanderer began the quest for the
                  | Orb.
     0 | D:1      | Hercules1031 set off with the following items: a +2 mace, a
                  | potion of lignification, a +0 robe, a ration; and the
                  | following spells available to memorise: Shroud of Golubria,
                  | Song of Slaying
     0 | D:1      | Reached XP level 1. HP: 17/17 MP: 4/4
    72 | D:1      | Reached XP level 2. HP: 19/23 MP: 5/5
   493 | D:1      | Reached XP level 3. HP: 26/28 MP: 7/7
   775 | D:2      | Noticed Terence
   779 | D:2      | HP: 1/28 [Terence/+0 short sword (6)]
   780 | D:2      | Slain by Terence

Vault maps used:
D:1:      lemuel_arrival_broad_hall
D:2:      uniq_terence, uniq_crazy_yiuf_cottage

Action                   || total
-------------------------++-------
Melee: Mace              ||    49
       Bite              ||     5
 Stab: Sleeping          ||     5
Armor: Robe              ||    10
Dodge: Dodged            ||    33

Table legend:
 A = Non-vault XP
 B = Vault XP
 C = Vault XP percentage of total XP
 D = Non-vault monster count
 E = Vault monster count
 F = Vault count percentage of total count
                 A         B        C        D         E       F
            +---------+---------+-------+---------+---------+-------
      Total |      55 |       0 |   0.0 |      22 |       0 |   0.0
            +---------+---------+-------+---------+---------+-------
        D:1 |      42 |       0 |   0.0 |      21 |       0 |   0.0
        D:2 |      13 |       0 |   0.0 |       1 |       0 |   0.0
            +---------+---------+-------+---------+---------+-------
